 Dungeon Crawl Stone Soup version 0.28.0-45-g0d030f2227 (webtiles) character file.

Game seed: 563160444137635800

164 Ablot the Grasshopper (level 5, 0/43 HPs)
             Began as a Gnoll Warper on Apr 3, 2022.
             Slain by Ijyb
             ... wielding a +0 dagger
              (3 damage)
             ... on level 3 of the Dungeon.
             The game lasted 00:04:54 (4460 turns).

Ablot the Grasshopper (Gnoll Warper)                Turns: 4460, Time: 00:04:55

Health: 0/43       AC:  0    Str: 13    XL:     5   Next: 45%
Magic:  12/12      EV: 13    Int: 18    God:
Gold:   121        SH:  0    Dex: 11    Spells: 12/14 levels left

rFire   . . .      SeeInvis .   a - +0 spear
rCold   . . .      Faith    .   (no shield)
rNeg    + . .      Spirit   .   b - +0 leather armour
rPois   .          Reflect  .   (no helmet)
rElec   .          Harm     .   (no cloak)
rCorr   .          Rampage  .   g - +0 pair of gloves
Will    .....                   (no boots)
Stlth   +.........              (no amulet)
HPRegen 0.14/turn               l - +6 ring of intelligence
MPRegen 0.13/turn               m - ring of positive energy

@: corroded
A: fangs 1, strong nose, distributed training
a: no special abilities


You were on level 3 of the Dungeon.
You visited 1 branch of the dungeon, and saw 3 of its levels.

You collected 121 gold pieces.

Inventory:

Hand Weapons
 a - a +0 spear (weapon)
 x - a +0 hunting sling
Missiles
 d - 3 boomerangs of dispersal
 e - 49 stones (quivered)
 w - 14 bolts
Armour
 b - a +0 leather armour (worn)
 g - a +0 pair of gloves (worn)
 n - +0 fire dragon scales
 u - a +0 buckler
Magical Staves
 v - a staff of fire
Jewellery
 l - a +6 ring of intelligence (left hand)
 m - a ring of positive energy (right hand)
 q - a ring of ice
Scrolls
 c - 2 scrolls of blinking
 f - a scroll of immolation {unknown}
 i - 2 scrolls of noise {unknown}
 j - a scroll of magic mapping {unknown}
 o - a scroll of vulnerability {unknown}
 p - 2 scrolls of identify {unknown}
 s - a scroll of teleportation {unknown}
Potions
 h - a potion of brilliance {unknown}
 k - a potion of curing {unknown}
 r - 3 potions of might {unknown}
 t - a potion of magic {unknown}


   Skills:
 + Level 4.8 Fighting
 + Level 1.5 Short Blades
 + Level 1.5 Long Blades
 + Level 1.5 Axes
 + Level 1.5 Maces & Flails
 + Level 4.8 Polearms
 + Level 1.5 Staves
 + Level 1.5 Slings
 + Level 1.5 Bows
 + Level 1.5 Crossbows
 + Level 3.0 Throwing
 + Level 3.0 Armour
 + Level 4.8 Dodging
 + Level 1.5 Stealth
 + Level 1.5 Shields
 + Level 1.5 Unarmed Combat
 + Level 5.2 Spellcasting
 + Level 1.2 Conjurations
 + Level 1.2 Hexes
 + Level 1.2 Summonings
 + Level 1.2 Necromancy
 + Level 5.5 Translocations
 + Level 1.2 Transmutations
 + Level 1.2 Fire Magic
 + Level 1.2 Ice Magic
 + Level 1.2 Air Magic
 + Level 1.2 Earth Magic
 + Level 1.2 Poison Magic
 + Level 1.7 Invocations
 + Level 1.5 Evocations


You had 12 spell levels left.
You knew the following spells:

 Your Spells              Type           Power      Damage    Failure   Level
a - Blink                 Tloc           48%        N/A       2%          2

Your spell library contained the following spells:

 Spells                   Type           Power      Damage    Failure   Level
 Gell's Gravitas          Tloc           24%        N/A       4%          3
 Lesser Beckoning         Tloc           24%        N/A       4%          3
 Teleport Other           Tloc           24%        N/A       4%          3
 Magic Dart               Conj           36%        1d4       10%         1
 Call Imp                 Summ           9%         N/A       16%         2
 Mephitic Cloud           Conj/Pois/Air  9%         N/A       30%         3
 Manifold Assault         Tloc           24%        N/A       43%         5


Dungeon Overview and Level Annotations

Branches:
Dungeon (3/15)

Altars:
Kikubaaqudgha
Qazlal
Yredelemnul

Shops:
D:2 [

Annotations:
D:3 Ijyb


Innate Abilities, Weirdness & Mutations

You have very sharp teeth.
Your uncanny sense of smell can sniff out nearby items.
Your experience applies equally to all skills.


Message History

The bat completely misses you. The frilled lizard misses you.
You barely miss Ijyb.
Ijyb is lightly wounded.
The bat closely misses you. Ijyb hits you with a +0 dagger.
The frilled lizard closely misses you.
You closely miss Ijyb.
Ijyb is lightly wounded.
The bat misses you. Ijyb hits you with a +0 dagger.
The frilled lizard misses you.
You completely miss Ijyb.
Ijyb is lightly wounded.
The bat hits you but does no damage. Ijyb hits you but does no damage.
You closely miss Ijyb. You bite Ijyb, but do no damage.
Ijyb is lightly wounded.
The bat barely misses you. The frilled lizard misses you.
Ijyb hits you with a +0 dagger.
You hit Ijyb but do no damage.
Ijyb is lightly wounded.
The frilled lizard barely misses you.
Ijyb zaps a wand.
The bolt of acid hits you!!
Ouch! That really hurt!
* * * LOW HITPOINT WARNING * * *
The acid corrodes you!
The bolt of acid hits the frilled lizard!!
The frilled lizard dies!
You hit Ijyb. You bite Ijyb, but do no damage.
Ijyb is lightly wounded.
The bat closely misses you. The bat hits you.
* * * LOW HITPOINT WARNING * * *
Ijyb barely misses you.
You hit Ijyb but do no damage. Your bite misses Ijyb.
Ijyb is lightly wounded.
The bat hits you.
* * * LOW HITPOINT WARNING * * *
You hit Ijyb. You bite Ijyb, but do no damage.
Ijyb is lightly wounded.
The bat hits you.
* * * LOW HITPOINT WARNING * * *
Ijyb hits you with a +0 dagger.
You die...

#..#........# #.........#
#..############################
#...# ##.............#### #...#
#.....######......# #...#
#.................#
#...#####.....#####.......# #
.......^..................# #
##.#####.......#####........ #
......†.........@g.......$### ##
##.##.##...#.#.#b##.......# #..#≈
......##.#.#.#.#..#............#≈
##................#g##.#####....≈
###.####.#...###.##. .. ...P≈
.........#........ ....P
...#####....####.# ...≈≈
....###...... ... #..≈≈
.#...#...# #..≈≈


You could see Ijyb and a bat.

Vanquished Creatures
  A hound (D:3)
  Terence (D:3)
  4 adders
  4 worms
  4 dart slugs
  An orc (D:3)
  3 bats
  3 endoplasms
  3 giant cockroaches
  3 goblins
  4 hobgoblins (D:3)
  3 jackals (D:2)
  2 quokkas
  5 ball pythons
  3 frilled lizards
  3 kobolds
  5 rats
52 creatures vanquished.

Vanquished Creatures (others)
  A frilled lizard (D:3)
  6 plants (D:3)
7 creatures vanquished.

Grand Total: 59 creatures vanquished

Notes
Turn   | Place    | Note
-------+----------+-------------------------------------------
     0 | D:1      | Ablot the Gnoll Warper began the quest for the Orb.
     0 | D:1      | Reached XP level 1. HP: 20/20 MP: 6/6
   275 | D:1      | Reached XP level 2. HP: 26/26 MP: 7/7
   278 | D:1      | Learned a level 2 spell: Blink
  1049 | D:1      | Found a faded altar of an unknown god.
  1390 | D:2      | Reached skill level 5 in Spellcasting
  1390 | D:2      | Reached XP level 3. HP: 31/31 MP: 7/9
  1672 | D:2      | Reached skill level 1 in Invocations
  2024 | D:2      | Found Jomianar's Armour Boutique.
  2371 | D:2      | Reached skill level 1 in Short Blades
  2371 | D:2      | Reached skill level 1 in Long Blades
  2371 | D:2      | Reached skill level 1 in Axes
  2371 | D:2      | Reached skill level 1 in Maces & Flails
  2371 | D:2      | Reached skill level 1 in Staves
  2371 | D:2      | Reached skill level 1 in Slings
  2371 | D:2      | Reached skill level 1 in Bows
  2371 | D:2      | Reached skill level 1 in Crossbows
  2371 | D:2      | Reached skill level 1 in Stealth
  2371 | D:2      | Reached skill level 1 in Shields
  2371 | D:2      | Reached skill level 1 in Unarmed Combat
  2371 | D:2      | Reached skill level 1 in Evocations
  2371 | D:2      | Reached XP level 4. HP: 32/38 MP: 11/11
  2998 | D:3      | Found a stormy altar of Qazlal.
  3038 | D:3      | Found a basalt altar of Yredelemnul.
  3193 | D:3      | Noticed Terence
  3246 | D:3      | Killed Terence
  3247 | D:3      | Reached skill level 1 in Conjurations
  3247 | D:3      | Reached skill level 1 in Hexes
  3247 | D:3      | Reached skill level 1 in Summonings
  3247 | D:3      | Reached skill level 1 in Necromancy
  3247 | D:3      | Reached skill level 1 in Transmutations
  3247 | D:3      | Reached skill level 1 in Fire Magic
  3247 | D:3      | Reached skill level 1 in Ice Magic
  3247 | D:3      | Reached skill level 1 in Air Magic
  3247 | D:3      | Reached skill level 1 in Earth Magic
  3247 | D:3      | Reached skill level 1 in Poison Magic
  3643 | D:3      | Reached XP level 5. HP: 29/43 MP: 12/12
  4084 | D:3      | Noticed a water moccasin
  4113 | D:3      | Found an ancient bone altar of Kikubaaqudgha.
  4435 | D:3      | Noticed Ijyb
  4460 | D:3      | Slain by Ijyb

Illustrated notes

Levels and vault maps discovered:
D:1:      grunt_arrival_crossed_arrows, layout_basic,
          chequers_ecumenical_altar_simple
D:2:      layout_basic, serial_shops, nicolae_shop_statue_plus,
          minmay_misc_feat_encased
D:3:      layout_basic, lemuel_tele_altar, nicolae_overflow_hidden_temple,
          chequers_big_river, minmay_circle_x, uniq_terence, uniq_ijyb

Skill      XL: |  1  2  3  4  5 |
---------------+----------------+-----
Spellcasting   | 5 |  5.2
Invocations    | 1 |  1.7
Short Blades   | 1 |  1.5
Long Blades    | 1 |  1.5
Axes           | 1 |  1.5
Maces & Flails | 1 |  1.5
Staves         | 1 |  1.5
Slings         | 1 |  1.5
Bows           | 1 |  1.5
Crossbows      | 1 |  1.5
Stealth        | 1 |  1.5
Shields        | 1 |  1.5
Unarmed Combat | 1 |  1.5
Evocations     | 1 |  1.5
Conjurations   | 1 |  1.2
Hexes          | 1 |  1.2
Summonings     | 1 |  1.2
Necromancy     | 1 |  1.2
Transmutations | 1 |  1.2
Fire Magic     | 1 |  1.2
Ice Magic      | 1 |  1.2
Air Magic      | 1 |  1.2
Earth Magic    | 1 |  1.2
Poison Magic   | 1 |  1.2
Throwing       | 3 |  3.0
Armour         | 3 |  3.0
Fighting       | |  4.8
Polearms       | |  4.8
Dodging        | |  4.8
Translocations | |  5.5

Action                   |  1- 3 |  4- 6 || total
-------------------------+-------+-------++-------
Melee: Spear             |   151 |   168 ||   319
       Bite              |    14 |    14 ||    28
       Punch             |     3 |     1 ||     4
Throw: Stone             |       |     5 ||     5
       Boomerang         |       |     2 ||     2
 Cast: Blink             |     1 |     6 ||     7
 Stab: Sleeping          |       |     3 ||     3
Armor: Leather armour    |    22 |    43 ||    65
Dodge: Dodged            |    80 |    90 ||   170
